Riboflavin, neutral male human Tourist ----------- ----------- |.........| #.....|.....# |.........-# ###|....-....|## |.........|# # |....|.... --------- |.........|# ### |..... ... |........# |.........|# # |....|.... |.......| |.........|# 0## #.....|.... |.......| --|--------# # ###---+---.-+ |........# # # ### # ## ---------# ### # # ### ## # # ######## # ####* # ### #------- ### ###rr # # #.....<| # ### @ ########### #|.....-## -.-+--i--- #--.----------- #|.....| |.)......| #|.............########------- |........| #.............| |........| -------------- ---------- Riboflavin the Sightseer Experience level: 4 Strength: 14 Dexterity: 13 Constitution: 13 Intelligence: 14 Wisdom: 9 Charisma: 13 Health: 0(28) Energy: 13(13) AC: 5 Gold: 1507 Moves: 2257 Your Inventory: Coins $ - 1507 gold pieces Weapons a - 24 uncursed +2 darts (in quiver) x - a [cursed -4] crossbow G - 2 [uncursed +0] arrows H - a [cursed -1] sling R - an [uncursed +0] axe (weapon in hand) Armor j - an uncursed +0 Hawaiian shirt (being worn) S - a cursed -2 hard hat [dwarvish iron helm] (being worn) T - a [blessed] +2 hooded cloak [dwarvish] (being worn) U - an [uncursed] +1 large round shield [dwarvish roundshield] (being worn) Comestibles b - 7 uncursed food rations d - 2 uncursed tripe rations f - 2 uncursed tins of lichen g - an uncursed apple N - 2 [uncursed] pears Scrolls i - 4 uncursed scrolls of magic mapping Spellbooks M - an [uncursed] spellbook of knock Potions n - a [cursed] clear potion [of unholy water] p - an [uncursed] magenta potion [of levitation] t - an [uncursed] black potion [of restore ability] w - a [cursed] pink potion [of confusion] Q - an [uncursed] bubbly potion [of object detection] Rings r - an [uncursed +7] ridged ring [of increase damage] A - an [uncursed] tiger eye ring [of poison resistance] (on left hand) Wands K - an [uncursed] wand of light [0:14] Tools k - an uncursed expensive camera (0:75) l - an uncursed credit card J - an [uncursed] key [skeleton key] O - an [uncursed oil] lamp Gems B - 2 [uncursed] white gems [worthless glass] Spells known in the end: Name Level Category Fail Memory a - knock 1 matter 97% [||||||||] Your skills at the end: Fighting Skills Weapon Skills dart [Basic / Expert] Spellcasting Skills Final Attributes: You were piously aligned. Hunger level was 313. Your alignment was 20 / 21. Monster difficulty range was 0 - 4. Level difficulty was 5. You were immune to poison. You saw invisible. You were telepathic. You were lucky (1). You are dead. Vanquished creatures: a floating eye a dwarf a werejackal a hobbit 2 cave spiders a gnome zombie a gecko 8 jackals a goblin 2 sewer rats a grid bug 3 lichens 3 newts 26 creatures vanquished. Voluntary challenges: You used a wielded weapon 29 times. You read items or engraved 2 times. You put on armor 5 times. You never genocided any monsters. You never polymorphed an object. You never changed form. You used no wishes. You never wrote Elbereth's name. You never encountered a bones level. You never used any Sokoban shortcuts. Dungeon overview: The Dungeons of Doom: levels 1 to 5 Level 1 a long staircase Level 3 an altar Level 4 a long staircase Level 5 <- You were here History has recorded: On T:1 you entered the Dungeons of Doom to retrieve the Amulet of Yendor! On T:477 you reached level 2 of The Dungeons of Doom. On T:572 you advanced to experience level 2. On T:713 you reached level 3 of The Dungeons of Doom. On T:1185 you advanced to experience level 3. On T:1204 you advanced to experience level 4. On T:1599 you reached level 4 of The Dungeons of Doom. On T:1860 you reached level 5 of The Dungeons of Doom. Latest messages: The imp hits! The sewer rat bites! [HP-5=16] You hit the imp. The imp hits! The sewer rat bites! [HP-5=11] You kill the sewer rat! The imp hits! "Why search for the Amulet? Thou wouldst but lose it, cretin." [HP-1=10] You miss the sewer rat. The imp misses. The sewer rat bites! [HP-2=8] You miss the sewer rat. The imp hits! The sewer rat misses. [HP-2=6] You miss the imp. The imp hits! The sewer rat bites! (2x) You die... Final status: Aloha Riboflavin the Tourist... You died in The Dungeons of Doom on dungeon level 5 with 1192 points, and 1507 pieces of gold, after 2257 moves. You were level 4 with a maximum of 28 hit points when you died.